 Dungeon Crawl Stone Soup version 0.19.5 (webtiles) character file.

63 vatarom the Gusty (level 4, 0/24 HPs)
             Began as a Tengu Air Elementalist on Mar 9, 2017.
             Succumbed to an adder's poison
             ... on level 1 of the Dungeon.
             The game lasted 00:05:05 (2291 turns).

vatarom the Gusty (Tengu Air Elementalist)          Turns: 2291, Time: 00:05:06

Health: 0/24       AC:  3    Str:  8    XL:     4   Next: 9%
Magic:  3/8        EV: 13    Int: 17    God:
Gold:   74         SH:  0    Dex: 14    Spells: 3 memorised, 2 levels left

rFire  + . .     SeeInvis .     h - +1 hand axe
rCold  . . .     Gourm    .     a - +0 robe
rNeg   . . .     Faith    .     (no shield)
rPois  .         Spirit   .     (helmet restricted)
rElec  .         Reflect  .     f - +0 cloak
rCorr  .         Harm     .     (no gloves)
MR     .....     Clarity  +     (boots unavailable)
Stlth  ++........               (no amulet)
                                (no ring)
                                (no ring)

@: lethally poisoned (0 -> -2), repel missiles
A: beak, claws 1, talons 3, clarity, fire resistance 1
a: no special abilities


You were on level 1 of the Dungeon.
You were not hungry.

You visited 1 branch of the dungeon, and saw 2 of its levels.

You collected 74 gold pieces.

Inventory:

Hand Weapons
 h - a +1 hand axe (weapon)
Armour
 a - a +0 robe (worn)
 f - a +0 cloak (worn)
Scrolls
 d - a scroll of blinking
 e - a scroll of identify
Books
 b - a book of Air

   Spells                             Type                      Level
   a - Shock                          Conjuration/Air              1
   b - Swiftness                      Charms/Air                   2
   c - Repel Missiles                 Charms/Air                   2
   d - Static Discharge               Conjuration/Air              3
   e - Lightning Bolt                 Conjuration/Air              5
Comestibles
 c - a bread ration


   Skills:
 + Level 0.7 Axes
 + Level 2.4 Dodging
 + Level 2.6 Stealth
 + Level 0.2 Unarmed Combat
 + Level 2.4 Spellcasting
 + Level 2.2 Conjurations
 + Level 4.8 Air Magic


You had 2 spell levels left.
You knew the following spells:

 Your Spells              Type           Power        Failure   Level  Hunger
a - Shock                 Conj/Air       ##..         4%          1    #......
b - Repel Missiles        Chrm/Air       ##....       12%         2    ##.....
c - Swiftness             Chrm/Air       ##......     12%         2    ##.....


Dungeon Overview and Level Annotations

Branches:
Dungeon (2/15)

Altars:


Innate Abilities, Weirdness & Mutations

You have a beak for a mouth.
You have claws for feet.
You have sharp fingernails.
You possess an exceptional clarity of mind.
Your flesh is heat resistant. (rF+)


Message History

* * * LOW HITPOINT WARNING * * *
You feel sick.
There is an escape hatch in the ceiling here.
* * * LOW HITPOINT WARNING * * *
You feel sick.
There is an escape hatch in the ceiling here.
You can't go down here!
A mysterious force pulls you upwards. The hatch slams shut behind you.
Your magical contamination has completely faded away.
Unknown command.
You aren't carrying any potions.
As you read the scroll of fear, it crumbles to dust.
You assume a fearsome visage.
Nothing appears to happen.
* * * LOW HITPOINT WARNING * * *
You feel sick.
Unknown command.
You don't have any unidentified items.
Unknown command.
Unknown command.
You die...

##.........# #.#
#..........########## #.##
#...................# #...
#........>..........# #...
#..........##.####### #.##
#..........##.# ##### #.#
#..........##.# #...# #≈###.#
###'###########.###.### #≈≈##.#
#......# #..@......###≈≈#..#
#......# #..........##≈≈#.###
#......# #..........#≈≈≈#....
#......# #.........≈#≈≈≈#.###
#......# #..........≈≈≈≈#....
#......######...........≈≈≈≈....
#......'...............≈≈≈≈≈....
#......########.......≈.≈≈≈.....
###############.)......≈≈≈≈.....


There were no monsters in sight!

Vanquished Creatures
  An adder (D:2)
  3 worms (D:2)
  3 dart slugs
  2 leopard geckos (D:1)
  3 bats
  A giant cockroach (D:2)
  4 goblins
  3 hobgoblins (D:1)
  3 jackals (D:1)
  5 kobolds (D:1)
  A quokka (D:1)
  4 frilled lizards
  3 rats
36 creatures vanquished.

Notes
Turn   | Place    | Note
-------+----------+-------------------------------------------
     0 | D:1      | vatarom the Tengu Air Elementalist began the quest for the Orb.
     0 | D:1      | Reached XP level 1. HP: 10/10 MP: 4/4
   131 | D:1      | Reached XP level 2. HP: 10/15 MP: 1/6
   182 | D:1      | Learned a level 2 spell: Repel Missiles
   185 | D:1      | Learned a level 2 spell: Swiftness
  1087 | D:1      | Reached XP level 3. HP: 11/19 MP: 3/7
  1300 | D:1      | Gained mutation: Your flesh is heat resistant. (rF+) [potion of mutation]
  1300 | D:1      | Gained mutation: You possess an exceptional clarity of mind. [potion of mutation]
  1300 | D:1      | Gained mutation: You have sharp fingernails. [potion of mutation]
  2269 | D:2      | Reached XP level 4. HP: 13/24 MP: 0/8
  2287 | D:1      | HP: 1/24 [poisoned by an adder]
  2291 | D:1      | Succumbed to an adder's poison

Skill      XL: |  1  2  3 |
---------------+----------+-----
Conjurations   | 2 |  2.2
Axes           | |  0.7
Dodging        | |  2.4
Stealth        | |  2.6
Unarmed Combat | |  0.2
Spellcasting   | |  2.4
Air Magic      | |  4.8

Action                   |  1- 3 |  4- 6 || total
-------------------------+-------+-------++-------
Melee: Unarmed           |    19 |       ||    19
       Kick              |    11 |     1 ||    12
       Peck              |     7 |     1 ||     8
       Hand axe          |    33 |     2 ||    35
 Cast: Shock             |    68 |     1 ||    69
       Repel Missiles    |     1 |       ||     1
  Use: Scroll            |     8 |     1 ||     9
       Potion            |     2 |       ||     2
  Eat: Chunk             |     5 |       ||     5
       Fruit             |     1 |       ||     1
Armor: Robe              |    30 |       ||    30
Dodge: Dodged            |    81 |       ||    81
